 Dungeon Crawl Stone Soup version 0.29.0-4-gdea44cf6ec (webtiles) character file.

Game seed: 70345744988017699

197 qw the Covered (level 5, -1/30 HPs)
             Began as a Tengu Warper on Aug 28, 2022.
             Slain by an adder (3 damage)
             ... on level 2 of the Dungeon.
             The game lasted 00:00:08 (858 turns).

qw the Covered (Tengu Warper)                        Turns: 858, Time: 00:00:09

Health: -1/30      AC: 13    Str: 13    XL:     5   Next: 75%
Magic:  9/9        EV:  5    Int: 13    God:
Gold:   45         SH:  0    Dex: 14    Spells: 8/8 levels left

rFire   . . .      SeeInvis .   Y - +0 hand axe
rCold   . . .      Faith    .   (no shield)
rNeg    . . .      Spirit   .   d - +0 plate armour
rPois   .          Reflect  .   (helmet restricted)
rElec   .          Harm     .   (no cloak)
rCorr   +          Rampage  .   i - +0 pair of gloves
Will    .....                   (boots unavailable)
Stlth   ..........              (no amulet)
HPRegen 0.10/turn               m - ring of resist corrosion
MPRegen 0.11/turn               (no ring)

@: flying quickly and evasively, quick
A: beak, talons 3, nimble flight
a: no special abilities


You were on level 2 of the Dungeon.
You visited 1 branch of the dungeon, and saw 2 of its levels.

You collected 45 gold pieces.


Innate Abilities, Weirdness & Mutations

You have a beak for a mouth.
You have claws for feet.
Your magical nature lets you fly swiftly and evasively.


   Skills:
 - Level 2.0 Fighting
 - Level 4.0 Axes
 - Level 1.0 Throwing
 + Level 4.9 Armour
 - Level 2.1 Dodging
 - Level 2.0 Spellcasting
 - Level 2.4 Translocations


You had 8 spell levels left.
You didn't know any spells.
Your spell library contained the following spells:

 Spells                   Type           Power      Damage    Failure   Level
 Blink                    Tloc           14%        N/A       100%        2
 Gell's Gravitas          Tloc           7%         N/A       100%        3
 Lesser Beckoning         Tloc           7%         N/A       100%        3
 Teleport Other           Tloc           7%         N/A       100%        3
 Manifold Assault         Tloc           7%         N/A       100%        5

Inventory:

Hand Weapons
 e - a +0 club
 Y - a +0 hand axe (weapon)
Armour
 d - a +0 plate armour (worn)
 i - a +0 pair of gloves (worn)
Jewellery
 m - a ring of resist corrosion (left hand)
Potions
 f - a potion of haste
 g - a potion of curing {unknown}
 k - a potion of attraction {unknown}

Dungeon Overview and Level Annotations

Branches:
Dungeon (2/15)

Altars:


Message History

The adder bites you but does no damage. Sigmund hits you with a +0 scythe.
The adder bites you but does no damage.
You barely miss Sigmund.
Sigmund is severely wounded.
You barely miss the kobold. You hit the adder but do no damage.
The kobold hits you but does no damage. The adder bites you.
Sigmund hits you with a +0 scythe! The kobold hits you but does no damage.
You closely miss Sigmund. You claw Sigmund!
Sigmund is almost dead.
You hit the kobold. You hit the adder but do no damage.
The adder bites you but does no damage. x2
The kobold hits you but does no damage.
You closely miss Sigmund. You peck Sigmund, but do no damage.
Sigmund is almost dead.
You barely miss the adder. You hit the kobold but do no damage.
Sigmund casts a spell at you. You resist with significant effort.
The adder bites you but does no damage. The kobold hits you but does no damage.
You barely miss Sigmund. You claw Sigmund.
Sigmund is almost dead.
You miss the kobold. You hit the adder. The adder bites you but does no damage.
Sigmund hits you but does no damage. The kobold hits you but does no damage.
You hit Sigmund.
You kill Sigmund!
You closely miss the kobold. You hit the adder. The adder barely misses you.
The adder bites you but does no damage. The kobold hits you but does no damage.
Your Armour skill gained 3 levels and is now at level 4!
You have reached level 4!
You feel agile.
You have reached level 5!
Your magical nature develops, letting you fly swiftly and evasively.
You slash the adder! Your peck misses the adder.
The adder is almost dead.
You closely miss the kobold. You hit the worm. The adder bites you.
The kobold barely misses you.
You closely miss the adder. Your peck misses the adder.
The adder is almost dead.
You hit the worm. You barely miss the kobold. The adder bites you.
You die...

...........
.........
###.......#
#.........#
#.........#
#.........##
#...KwS....#.
#####..@.......
#...............
#................
#........####....
#####+#<%........
##......##.
##+##.%....##
#...........#
#...........#


You could see a worm, an adder and a kobold.

Vanquished Creatures
  Sigmund (D:2)
  A bat (D:1)
  2 endoplasms (D:1)
  3 giant cockroaches (D:1)
  4 goblins
  6 hobgoblins
  2 kobolds (D:1)
  3 quokkas
  3 ball pythons (D:1)
  3 frilled lizards
  2 rats (D:2)
30 creatures vanquished.

Notes
Turn   | Place    | Note
-------+----------+-------------------------------------------
     0 | D:1      | qw the Tengu Warper began the quest for the Orb.
     0 | D:1      | Reached XP level 1. HP: 12/12 MP: 4/4
     0 | D:1      | 0 ||| qw: Version: 0.1-a-89-g26bdef1
     0 | D:1      | 0 ||| qw: Game counter: 376
     0 | D:1      | 0 ||| qw: Always use a shield: true
     0 | D:1      | 0 ||| qw: God list: Okawaru
     0 | D:1      | 0 ||| qw: Allow faded altars: false
     0 | D:1      | 0 ||| qw: Do Orc after D:15 true
     0 | D:1      | 0 ||| qw: Do second Lair branch before Depths: true
     0 | D:1      | 0 ||| qw: Lair rune preference: random
     0 | D:1      | 0 ||| qw: Plans: Normal
     0 | D:1      | 0 ||| PLANNING D:1-11
     2 | D:1      | Noticed a minotaur
     2 | D:1      | Noticed a gargoyle
     4 | D:1      | Noticed an ogre
     4 | D:1      | Noticed a meteoran
     7 | D:1      | Noticed a spriggan
     7 | D:1      | Noticed a draconian
    10 | D:1      | Noticed a vine stalker
    10 | D:1      | Noticed a palentonga
    12 | D:1      | Noticed an elf
    12 | D:1      | Noticed a troll
    14 | D:1      | Noticed a ghoul
    14 | D:1      | Noticed a demonspawn
    16 | D:1      | Noticed a felid
    16 | D:1      | Noticed a vampire
    18 | D:1      | Noticed a naga
    18 | D:1      | Noticed a tengu
    22 | D:1      | Noticed a demigod
    24 | D:1      | Noticed a human
    24 | D:1      | Noticed an octopode
    26 | D:1      | Noticed a formicid
    26 | D:1      | Noticed an ogre
    28 | D:1      | Noticed a felid
    28 | D:1      | Noticed an ogre
    73 | D:1      | You fall into a shaft and drop 1 floor!
    73 | D:2      | Found a faded altar of an unknown god.
   108 | D:2      | Reached skill level 3 in Axes
   108 | D:2      | Reached XP level 2. HP: 10/17 MP: 6/6
   268 | D:2      | 268 ||| UPGRADING to +0 plate armour.
   278 | D:2      | 278 ||| DROPPING +0 leather armour.
   279 | D:2      | 279 ||| DROPPING scroll of blinking.
   542 | D:1      | Reached XP level 3. HP: 21/21 MP: 7/7
   692 | D:1      | 692 ||| Stepping ~*~*~tactically~*~*~ (stealth).
   743 | D:1      | 743 ||| UPGRADING to +0 pair of gloves.
   748 | D:1      | 748 ||| UPGRADING to ring of resist corrosion.
   749 | D:1      | 749 ||| READING scroll labelled COPRAO JIOLID.
   750 | D:1      | 750 ||| READING scroll labelled MISINUDUSA.
   751 | D:1      | 751 ||| READING scroll labelled IROIFU BECIMPY.
   752 | D:1      | 752 ||| READING scroll labelled WOL FILOUFAEDGH.
   753 | D:1      | 753 ||| READING scroll labelled DYHEM SYOR.
   757 | D:1      | 757 ||| DRINKING 2 sapphire potions.
   779 | D:2      | 779 ||| STAIRDANCE
   825 | D:2      | 825 ||| Stepping ~*~*~tactically~*~*~ (stealth).
   827 | D:2      | 827 ||| Stepping ~*~*~tactically~*~*~ (stealth).
   840 | D:2      | Noticed Sigmund
   852 | D:2      | HP: 3/21 [Sigmund/+0 scythe (8)]
   856 | D:2      | Killed Sigmund
   857 | D:2      | Reached XP level 4. HP: 4/26 MP: 8/8
   857 | D:2      | Gained mutation: Your magical nature lets you fly swiftly
                  | and evasively. [Tengu growth]
   857 | D:2      | Reached XP level 5. HP: 4/30 MP: 9/9
   857 | D:2      | HP: 2/30 [adder (3)]
   858 | D:2      | Slain by an adder

Levels and vault maps discovered:
D:1:      kb_arrival_jail, layout_rooms, minmay_octomino_j4
D:2:      layout_basic, chequers_ecumenical_altar_simple_redux, serial_shops,
          shop, basic_altar, minivault_5, uniq_sigmund, uniq_terence

Skill      XL: |  1  2  3 |
---------------+----------+-----
Axes           | 3 4 |  4.0
Armour         | 4 |  4.9
Fighting       | |  2.0
Throwing       | |  1.0
Dodging        | |  2.1
Spellcasting   | |  2.0
Translocations | |  2.4

Action                   |  1- 3 |  4- 6 || total
-------------------------+-------+-------++-------
Melee: Hand axe          |    66 |     2 ||    68
       Kick              |    21 |       ||    21
       Peck              |    13 |       ||    13
Throw: Boomerang         |     7 |       ||     7
  Use: Scroll            |     5 |       ||     5
       Potion            |     1 |       ||     1
Armor: Leather armour    |     1 |       ||     1
       Plate armour      |    52 |       ||    52
Dodge: Dodged            |    11 |     1 ||    12

Table legend:
 A = Non-vault XP
 B = Vault XP
 C = Vault XP percentage of total XP
 D = Non-vault monster count
 E = Vault monster count
 F = Vault count percentage of total count
                 A         B        C        D         E       F
            +---------+---------+-------+---------+---------+-------
      Total |      47 |     235 |  83.3 |      27 |       3 |  10.0
            +---------+---------+-------+---------+---------+-------
        D:1 |      37 |       4 |   9.8 |      20 |       2 |   9.1
        D:2 |      10 |     231 |  95.9 |       7 |       1 |  12.5
            +---------+---------+-------+---------+---------+-------
